 Dungeon Crawl Stone Soup version 0.22.1-6-g1668fe2 (webtiles) character file.

202 Tiagovsky the Sneak (level 5, 0/26 HPs)
             Began as a Spriggan Enchanter on Jan 26, 2019.
             Slain by a wight
             ... wielding a +0 war axe
              (1 damage)
             ... on level 3 of the Dungeon.
             The game lasted 00:22:01 (5527 turns).

Tiagovsky the Sneak (Spriggan Enchanter)            Turns: 5527, Time: 00:22:02

Health: 0/26       AC:  3    Str:  4    XL:     5   Next: 50%
Magic:  0/10       EV: 19    Int: 16    God:
Gold:   157        SH:  0    Dex: 18    Spells: 6/9 levels left

rFire    . . .     SeeInvis +   a - +1 dagger
rCold    . . .     Gourm    .   (shield restricted)
rNeg     . . .     Faith    .   b - +1 robe
rPois    .         Spirit   +   (helmet restricted)
rElec    .         Reflect  .   (no cloak)
rCorr    .         Harm     .   (gloves unavailable)
MR       .....                  (boots unavailable)
Stlth    +++.......             j - amulet of guardian spirit
HPRegen  0.08/turn              (no ring)
MPRegen  0.12/turn              (no ring)

@: drained, very quick
A: very small, unfitting armour, see invisible, herbivore, speed 3, slow
metabolism 2
a: no special abilities


You were on level 3 of the Dungeon.
You were hungry.

You visited 1 branch of the dungeon, and saw 4 of its levels.

You collected 157 gold pieces.

Inventory:

Hand Weapons
 a - a +1 dagger (weapon)
Missiles
 c - 48 stones (quivered)
Armour
 b - a +1 robe (worn)
Jewellery
 j - an amulet of guardian spirit (around neck)
Wands
 s - a wand of random effects (15)
Scrolls
 e - a scroll of enchant armour
 g - a scroll of teleportation {unknown}
 h - 2 scrolls of identify
 n - a scroll of magic mapping {unknown}
 p - a scroll of random uselessness {unknown}
 r - a scroll of noise {unknown}
 t - a scroll of fog {unknown}
Potions
 d - 2 potions of lignification {unknown}
 f - 7 potions of curing {unknown}
 i - 2 potions of mutation {unknown}
 k - a potion of brilliance {unknown}
 l - 3 potions of invisibility {unknown}
 m - a potion of cancellation {unknown}
 o - a potion of flight {unknown}
Comestibles
 q - 2 rations


   Skills:
 + Level 1.7(0.7) Fighting
 + Level 2.7(1.7) Short Blades
 + Level 4.6(3.5) Dodging
 + Level 5.8(4.6) Stealth
 - Level 2.8(1.8) Spellcasting
 + Level 4.5(3.5) Hexes


You had 6 spell levels left.
You knew the following spells:

 Your Spells              Type           Power        Failure   Level  Hunger
a - Corona                Hex            ##.....      4%          1    ##.....
b - Ensorcelled Hibernat  Hex/Ice        #.....       16%         2    ###....

Your spell library contained the following spells:

 Spells                   Type           Power        Failure   Level  Hunger
 Confuse                  Hex            ##......     16%         3    ####...
 Tukima's Dance           Hex            ##......     16%         3    ####...
 Dazzling Spray           Conj/Hex       #.....       30%         3    ####...


Dungeon Overview and Level Annotations

Branches:
Dungeon (4/15)
 Temple: D:4-7

Altars:
Zin


Innate Abilities, Weirdness & Mutations

You are very small and have problems with some larger weapons.
You are too small for most types of armour.
You have supernaturally acute eyesight. (SInv)
You are a herbivore.
You cover ground extremely quickly.
You need to consume almost no food.


Message History

You hit the wight but do no damage. The wight misses you.
You hit the wight.
The wight is lightly damaged.
The wight hits you with a war axe!
* * * LOW HITPOINT WARNING * * *
The wight closely misses you.
You completely miss the wight.
The wight is lightly damaged.
The wight hits you but does no damage.
You barely miss the wight.
The wight is lightly damaged.
The wight misses you. The wight closely misses you.
You barely miss the wight.
The wight is lightly damaged.
The wight misses you.
Unknown command.
The wight hits you with a war axe!
* * * LOW HITPOINT WARNING * * *
You feel drained.
You die...

#[# #....##
#..###.## ##. #.#
#.#### #..###.#
## #.# #.#
#......# # #.#
#.# ##.##### #.#
#.# #.# #.###.#
#(# #.....# #.#
#.....#########z#
#####.........z@#
#############


You could see 2 wights.

Vanquished Creatures
  Jessica (D:2)
  A worker ant (D:3)
  A killer bee zombie (D:3)
  Robin (D:2)
  3 gnolls (D:2)
  4 adders
  An ooze (D:4)
  A worm (D:2)
  A dart slug (D:2)
  A leopard gecko (D:3)
  An orc (D:3)
  3 bats
  A giant cockroach (D:1)
  7 goblins
  8 hobgoblins
  4 jackals
  4 kobolds
  A quokka (D:2)
  2 ball pythons (D:3)
  4 frilled lizards
  2 rats
52 creatures vanquished.

Notes
Turn   | Place    | Note
-------+----------+-------------------------------------------
     0 | D:1      | Tiagovsky the Spriggan Enchanter began the quest for the
                  | Orb.
     0 | D:1      | Reached XP level 1. HP: 9/9 MP: 5/5
   494 | D:1      | Reached XP level 2. HP: 4/13 MP: 6/6
   929 | D:1      | Learned a level 2 spell: Ensorcelled Hibernation
  1640 | D:2      | Noticed Robin
  2098 | D:2      | Noticed Jessica
  2111 | D:2      | Killed Jessica
  2111 | D:2      | Reached skill level 5 in Stealth
  2111 | D:2      | Reached XP level 3. HP: 17/17 MP: 5/8
  2439 | D:2      | Reached skill level 1 in Fighting
  2777 | D:2      | Reached XP level 4. HP: 22/22 MP: 2/9
  2970 | D:2      | Killed Robin
  3917 | D:3      | HP: 1/22 [killer bee zombie (2)]
  4089 | D:2      | Reached XP level 5. HP: 12/25 MP: 5/10
  4881 | D:3      | Found a glowing silver altar of Zin.
  5527 | D:3      | HP: 1/26 [wight/war axe (5)]
  5527 | D:3      | Slain by a wight

Skill      XL: |  1  2  3  4 |
---------------+-------------+-----
Stealth        | 5 |  5.8
Hexes          | 4 |  4.5
Short Blades   | 2 |  2.7
Fighting       | 1 |  1.7
Dodging        | 4 |  4.6
Spellcasting   | |  2.8

Action                   |  1- 3 |  4- 6 || total
-------------------------+-------+-------++-------
Melee: Dagger            |   141 |   129 ||   270
Throw: Stone             |     7 |       ||     7
 Cast: Ensorcelled Hiber |    19 |    20 ||    39
  Use: Scroll            |     3 |       ||     3
 Stab: Sleeping          |     7 |    18 ||    25
       Distracted        |     1 |       ||     1
  Eat: Ration            |       |     2 ||     2
Armor: Robe              |     9 |     7 ||    16
Dodge: Dodged            |   131 |   114 ||   245
